 Dungeon Crawl Stone Soup version 0.18.1-48-g4cf74bf (webtiles) character file.

1332 Melfield the Ducker (level 8, 0/70 HPs)
             Began as a White Draconian Berserker on Aug 11, 2016.
             Slain by a polar bear (21 damage)
             ... created by the rage of Trog
             ... on level 6 of the Dungeon.
             The game lasted 00:41:53 (5816 turns).

Melfield the Ducker (White Draconian Berserker)     Turns: 5816, Time: 00:41:54

Health: 0/70       AC:  8    Str: 21    XL:     8   Next: 34%
Magic:  8/8        EV: 15    Int:  5    God:
Gold:   143        SH:  0    Dex: 12    Spells: 0 memorised, 7 levels left

rFire  . . .     SeeInvis .     j - +0 long sword
rCold  + . .     Gourm    .     (armour unavailable)
rNeg   . . .     Faith    .     (no shield)
rPois  .         Spirit   .     z - +2 hat
rElec  .         Dismiss  .     (no cloak)
rCorr  .         Reflect  .     (no gloves)
SustAt +         Harm     +     (no boots)
MR     .....                    i - amulet of harm {a}
Stlth  ++........               (no ring)
                                e - ring of sustain attributes

@: not resistant to hostile enchantments, unstealthy
A: breathe frost, unfitting armour, cold resistance 1, dopey 1, cold-blooded, AC
+6
a: Breathe Frost


You were on level 6 of the Dungeon.
You were not hungry.

You visited 2 branches of the dungeon, and saw 7 of its levels.

You collected 143 gold pieces.

Inventory:

Hand Weapons
 a - a +0 hand axe
 j - a +0 long sword (weapon)
 l - a +2 hunting sling of freezing
 o - a cursed -2 hand axe
 u - a +0 giant club
 v - a +0 flail
Missiles
 p - 37 stones (quivered)
Armour
 k - a +0 ring mail
 z - a +2 hat (worn)
Jewellery
 e - a ring of sustain attributes (left hand)
 g - a +2 amulet of reflection {unknown}
 i - an amulet of harm (around neck) {a}
Wands
 q - a wand of lightning (3/15)
Scrolls
 c - 5 scrolls of identify {unknown}
 d - a scroll of remove curse {unknown}
 h - a scroll of enchant weapon {unknown}
 m - a scroll of blinking {unknown}
 x - a scroll of magic mapping {unknown}
 y - a scroll of teleportation {unknown}
Potions
 n - a potion of lignification
Books
 f - a book of Annihilations

   Spells                             Type                      Level
   a - Poison Arrow                   Conjuration/Poison           6
   b - Chain Lightning                Conjuration/Air              8
   c - Lehudib's Crystal Spear        Conjuration/Earth            8
   d - Glaciate                       Conjuration/Ice              9
   e - Fire Storm                     Conjuration/Fire             9
 r - a book of the Sky

   Spells                             Type                      Level
   a - Summon Lightning Spire         Summoning/Air                4
   b - Airstrike                      Air                          4
   c - Silence                        Hexes/Air                    5
   d - Deflect Missiles               Charms/Air                   6
   e - Conjure Ball Lightning         Conjuration/Air              6
   f - Tornado                        Air                          9
Comestibles
 b - a bread ration


   Skills:
 + Level 6.1 Fighting
 + Level 1.9 Long Blades
 + Level 4.5(4.8) Axes
 + Level 2.3(3.7) Maces & Flails
 + Level 7.1 Dodging
 + Level 2.2 Stealth


You had 7 spell levels left.
You didn't know any spells.

Dungeon Overview and Level Annotations

Branches:
Dungeon (6/15)             Temple (1/1) D:4

Altars:
Ashenzari
Cheibriados
Fedhas
Gozag
Kikubaaqudgha
Makhleb
Nemelex Xobeh
Okawaru
Pakellas
Ru
Trog
Xom
Zin
The Shining One

Annotations:
D:3 ThereIsNoGod's ghost, amateur MiGl


Innate Abilities, Weirdness & Mutations

You can breathe waves of freezing cold.
You can buffet flying creatures when you breathe cold.
Your icy white scales are hard (AC +6).
Your body does not fit into most forms of armour.
Your flesh is cold resistant.
You are cold-blooded and may be slowed by cold attacks.
You are dopey. (Int -2)


Message History

Trog sends monsters to punish you. 2 polar bears and 2 black bears come into view.
The polar bear barely misses you. The polar bear misses you.
The polar bear claws you. The polar bear bites you.
The polar bear claws you but does no damage. x2
The polar bear bites you but does no damage.
The polar bear closely misses you. x2
The polar bear bites you. The polar bear barely misses you.
The polar bear closely misses you. The polar bear bites you!
The polar bear claws you but does no damage. x2
The black bear rages.
The polar bear bites you. The polar bear claws you.
The polar bear claws you but does no damage.
You closely miss the polar bear. The polar bear bites you!
The polar bear completely misses you. The polar bear claws you.
* * * LOW HITPOINT WARNING * * *
The polar bear bites you!
You die...

...# #.#...................#
###..#.#.)>.............#.###
# #.............#....###....
8# ##.#.........).)..#......
.# #.#................###..
.8# #....###................
.## ##......#####........>..
8# .......#8..#h..........
.....#_.@hh.......... ....
#8..#h.......... ...
#########....... .......
....♣♣. ....♣ ..#..' #♣#


You could see 2 polar bears and 2 black bears.

Vanquished Creatures
  A sky beast (D:5)
  4 ogres
  2 centaurs (D:5)
  A giant frog (D:4)
  2 scorpions
  2 howler monkeys
  2 giant frog zombies
  3 crimson imps
  A hound (D:3)
  2 centaur skeletons
  2 giant frog skeletons
  3 worker ants
  A hound zombie (D:6)
  A worker ant zombie (D:6)
  3 adders
  A gnoll (D:1)
  3 worms
  A dart slug (D:3)
  2 giant geckos
  4 orcs (D:6)
  3 bats (D:1)
  4 giant cockroaches
  10 goblins
  6 hobgoblins
  2 jackals (D:2)
  2 kobolds (D:1)
  4 quokkas
  4 ball pythons
  2 giant gecko skeletons
  4 giant newts
  A quokka zombie (D:6)
  7 rats
90 creatures vanquished.

Notes
Turn   | Place    | Note
--------------------------------------------------------------
     0 | D:1      | Melfield the Draconian Berserker began the quest for the Orb.
     0 | D:1      | Reached XP level 1. HP: 19/19 MP: 1/1
    92 | D:1      | Reached skill level 3 in Dodging
   132 | D:1      | Reached XP level 2. HP: 22/26 MP: 2/2
  1091 | D:2      | HP: 1/27 [worm (1)]
  1092 | D:2      | Reached XP level 3. HP: 2/33 MP: 3/3
  1384 | D:2      | Reached ** piety under Trog
  1881 | D:3      | Found a burning altar of Makhleb.
  1891 | D:3      | Reached XP level 4. HP: 24/40 MP: 4/4
  2075 | D:3      | Noticed ThereIsNoGod's ghost (amateur MiGl)
  2420 | D:4      | Found a sacrificial altar of Ru.
  2498 | D:4      | Noticed an ogre
  2598 | D:4      | Reached skill level 4 in Dodging
  2599 | D:4      | Reached XP level 5. HP: 46/46 MP: 5/5
  2779 | D:4      | Killed an ogre
  2779 | D:4      | Reached skill level 1 in Stealth
  3221 | D:4      | Found a staircase to the Ecumenical Temple.
  3253 | Temple   | Entered the Ecumenical Temple
  3380 | D:4      | Reached XP level 6. HP: 53/53 MP: 6/6
  3448 | D:5      | Entered Level 5 of the Dungeon
  3482 | D:5      | Reached skill level 5 in Dodging
  3486 | D:5      | Reached skill level 5 in Fighting
  3859 | D:5      | Noticed a sky beast
  3874 | D:5      | Killed a sky beast
  3874 | D:5      | Reached skill level 1 in Maces & Flails
  3874 | D:5      | Your scales start taking on an icy white colour.
  3874 | D:5      | Reached XP level 7. HP: 61/61 MP: 7/7
  3874 | D:5      | Gained mutation: Your flesh is cold resistant. [White Draconian growth]
  4193 | D:5      | HP: 3/61 [ogre/giant club (33)]
  4627 | D:5      | Reached skill level 6 in Dodging
  4844 | D:6      | Gained mutation: Your body sometimes deteriorates upon taking damage. [potion of mutation]
  4844 | D:6      | Lost mutation: Your body sometimes deteriorates upon taking damage. [potion of mutation]
  4844 | D:6      | Gained mutation: You are dopey. (Int -2) [potion of mutation]
  4844 | D:6      | HP: 4/93 [scorpion (1)]
  4845 | D:6      | HP: 1/93 [poisoned by a scorpion]
  4879 | D:6      | HP: 3/62 [poisoned by a scorpion]
  4885 | D:6      | HP: 3/62 [poisoned by a scorpion]
  5245 | D:6      | Reached XP level 8. HP: 70/70 MP: 8/8
  5253 | D:6      | Reached *** piety under Trog
  5342 | D:6      | Reached skill level 1 in Long Blades
  5354 | D:6      | Found an opulent altar of Gozag.
  5402 | D:6      | Fell from the grace of Trog
  5441 | D:6      | Reached skill level 7 in Dodging
  5810 | D:6      | Noticed a polar bear
  5810 | D:6      | Noticed a polar bear
  5816 | D:6      | Slain by a polar bear

Skill      XL: |  1  2  3  4  5  6  7  8 |
---------------+-------------------------+-----
Dodging        | 3 4 5 6 7 |  7.1
Fighting       | 4 5 6 |  6.1
Stealth        | 1 2 |  2.2
Axes           | 4 |  4.5
Maces & Flails | 1 2 |  2.3
Long Blades    | 1 |  1.9

Action                   |  1- 3 |  4- 6 |  7- 9 || total
-------------------------+-------+-------+-------++-------
Melee: Hand axe          |    94 |    36 |       ||   130
       Tailslap          |     9 |    11 |    21 ||    41
       Hunting sling     |     8 |     1 |       ||     9
       Flail             |       |    35 |    26 ||    61
       Long sword        |       |       |   103 ||   103
Throw: Stone             |       |     1 |       ||     1
Invok: Berserk           |     1 |     6 |     5 ||    12
       Renounce Religion |       |       |     1 ||     1
  Use: Potion            |     1 |       |    11 ||    12
 Stab: Sleeping          |       |     2 |       ||     2
       Distracted        |       |       |     1 ||     1
  Eat: Meat ration       |     1 |     2 |       ||     3
       Pizza             |     1 |       |       ||     1
       Bread ration      |       |       |     3 ||     3
       Royal jelly       |       |       |     1 ||     1
Armor: Skin              |    26 |    18 |    63 ||   107
Dodge: Dodged            |    85 |    80 |   149 ||   314
